 Dungeon Crawl Stone Soup version 0.14-a0-2964-g8dc6adb (webtiles) character file.

355 JEFFREY the Slasher (level 5, -4/42 HPs)
             Began as a Demigod Fighter on Mar 5, 2014.
             Killed by divine providence
             ... invoked by an orc priest
              (12 damage)
             ... on Level 3 of the Dungeon.
             The game lasted 00:11:07 (2940 turns).

JEFFREY the Slasher (Demigod Fighter)               Turns: 2940, Time: 00:11:07

HP  -4/42        AC  8     Str 22      XL: 5   Next: 38%
MP   8/8         EV  6     Int 12      God:
Gold 134         SH 19     Dex 15      Spells:  0 memorised,  4 levels left

rFire  . . .     SeeInvis .     a - +0 falchion
rCold  . . .     Clarity  .     b - +0 scale mail
rNeg   . . .     Conserve .     c - +0 shield
rPois  .         rCorr    .     f - +0 helmet
rElec  .         rRot     .     (no cloak)
SustAb + .       Spirit   .     r - +0 pair of gloves
rMut   .         Warding  .     (no boots)
Saprov . . .     Stasis   .     (no amulet)
MR     .....                    (no ring)
                                o - ring of sustain abilities

@: not resistant to hostile enchantments, extremely unstealthy
A: no striking features
a: no special abilities


You were on level 3 of the Dungeon.
You were not hungry.

You visited 1 branch of the dungeon, and saw 3 of its levels.

You collected 134 gold pieces.

Inventory:

Hand weapons
 a - a +0,+0 falchion (weapon)
Armour
 b - a +0 scale mail (worn)
 c - a +0 shield (worn)
 f - a +0 helmet (worn)
 r - a +0 pair of gloves (worn)
Magical devices
 h - a wand of magic darts (0)
Comestibles
 d - 2 bread rations
 j - 2 rotting chunks of orc flesh
 m - a meat ration
 q - 2 chunks of jackal flesh
Scrolls
 e - 2 scrolls of immolation
 g - 3 scrolls of remove curse
 i - a scroll of fear {unknown}
 k - a scroll of recharging
 p - a scroll of fog {unknown}
Jewellery
 o - a ring of sustain abilities (left hand)
Potions
 l - a potion of agility {unknown}
 s - a potion of restore abilities


   Skills:
 - Level 2.6 Fighting
 * Level 5.4 Long Blades
 - Level 2.6 Armour
 - Level 2.6 Shields


You had 4 spell levels left.
You didn't know any spells.

Dungeon Overview and Level Annotations

Branches:
Dungeon (3/16)

Annotations:
D:3 ciphuk's ghost, average MiBe


Message History

The orc priest is almost dead.
The orc hits you.
* * * LOW HITPOINT WARNING * * *
The orc priest hits you but does no damage.
The giant newt bites you but does no damage.
The orc barely misses you.
You closely miss the orc priest.
The orc priest is almost dead.
You block the orc priest's attack. The giant newt barely misses you.
The orc barely misses you.
You hit the orc priest but do no damage.
The orc priest is almost dead.
The orc priest hits you but does no damage.
You block the giant newt's attack. You block the orc's attack.
You hit the orc priest.
The orc priest is almost dead.
The giant newt bites you but does no damage.
The orc priest invokes the aid of Beogh against you.
Something smites you!
You die...

...#....#.... # #............
#.# #.#.#... #....######.. ...
... ###### #.. ... #. #.. .. ...
#.. . #.#.##### #.# ..#......# #
#.# .#.#.....######.# ###.#
#............@oK##### #....
#.#.#.....###.lo.....# #....
.........%.....?......# #...%
#.......)..###.!......# #....
#..........#################....
..........................%....
###############################


You could see an orc priest, an orc, a kobold and a giant newt.

Vanquished Creatures
  An orc wizard (D:3)
  5 gnolls (D:3)
  5 adders (D:2)
  3 worms
  An ooze (D:3)
  3 orcs (D:3)
  8 bats
  7 giant cockroaches
  10 hobgoblins
  9 jackals
  6 kobolds
  A quokka (D:3)
  A ball python (D:2)
  6 giant newts
  13 goblins
  7 rats
86 creatures vanquished.

Notes
Turn   | Place    | Note
--------------------------------------------------------------
     0 | D:1      | JEFFREY, the Demigod Fighter, began the quest for the Orb.
     0 | D:1      | Reached XP level 1. HP: 18/18 MP: 2/2
   266 | D:1      | Reached XP level 2. HP: 23/25 MP: 3/3
   704 | D:2      | Reached skill level 3 in Long Blades
   776 | D:2      | Reached XP level 3. HP: 16/30 MP: 5/5
   832 | D:2      | HP: 1/30 [poisoned by an adder]
  1314 | D:2      | Reached skill level 4 in Long Blades
  1335 | D:2      | Reached XP level 4. HP: 13/37 MP: 7/7
  2195 | D:3      | Noticed ciphuk's ghost (average MiBe)
  2217 | D:3      | Reached skill level 5 in Long Blades
  2230 | D:3      | Reached XP level 5. HP: 38/42 MP: 8/8
  2940 | D:3      | Killed from afar by an orc priest

Action                   |  1- 3 |  4- 6 || total
-------------------------+-------+-------++-------
Melee: Falchion          |   171 |   215 ||   386
Evoke: Wand              |       |     1 ||     1
  Use: Potion            |       |     6 ||     6
       Scroll            |       |     6 ||     6
